 Dungeon Crawl Stone Soup version 0.31-a0-986-g5e6e4ef867 (webtiles) character file.

Game seed: 6076101123636958329

134082 Strat the Marksdemonspawn (level 16, -4/129 HPs)
             Began as a Demonspawn Reaver on Nov 10, 2023.
             Was the Champion of Makhleb.
             Slain by a naga warrior
             ... wielding a +0 trident
              (13 damage)
             ... on level 4 of the Snake Pit.
             The game lasted 01:07:31 (30956 turns).

Strat the Marksdemonspawn (Demonspawn Reaver)      Turns: 30956, Time: 01:07:31

Health: -4/129     AC: 20    Str: 16    XL:     16   Next: 61%
Magic:  0/27       EV: 20    Int: 17    God:    Makhleb [******]
Gold:   2352       SH:  0    Dex: 14    Spells: 14/19 levels left

rFire   . . .        b - +9 orcbow of Exoneration {elec, rElec}
rCold   . . .        (shield currently unavailable)
rNeg    . . .        r - +0 steam dragon scales
rPois   +            O - +2 helmet
rElec   +            t - +2 cloak {rCorr}
rCorr   +            (gloves unavailable)
SInv    .            Q - +2 pair of boots
Will    +....        o - amulet of the acrobat
Stlth   ++           p - +5 ring of evasion
HPRegen 0.41/turn    D - ring of poison resistance
MPRegen 0.40/turn

%: acrobat, guardian spirit
@: lethally poisoned (-4 -> -6), untranslocatable
A: claws 3, molten scales 2, spiny 2, magic shield, magic regeneration
a: Renounce Religion, Minor Destruction, Lesser Servant of Makhleb, Major
Destruction, Greater Servant of Makhleb


You were on level 4 of the Snake Pit.
You worshipped Makhleb.
Makhleb was exalted by your worship.
You visited 5 branches of the dungeon, and saw 27 of its levels.
You visited 1 bazaar.

You collected 2780 gold pieces.
You spent 428 gold pieces at shops.

Inventory:

Hand Weapons
 a - a +1 flail of protection
 b - the +9 orcbow of Exoneration (weapon) {elec, rElec}
   (You found it on level 10 of the Dungeon)

   rElec:     It insulates you from electricity.
Missiles
 x - 30 poisoned darts
 F - 2 throwing nets
Armour
 r - +0 steam dragon scales (worn)
 t - a +2 cloak of preservation (worn)
 O - a +2 helmet (worn)
 Q - a +2 pair of boots (worn)
 U - a +0 pair of gloves
Jewellery
 k - a ring of resist corrosion
 o - an amulet of the acrobat (around neck)
 p - a +5 ring of evasion (left claw)
 u - a ring of protection from fire
 z - an amulet of faith
 D - a ring of poison resistance (right claw)
 H - an amulet of regeneration
 I - a ring of wizardry
 K - the ring of Shadows {Umbra +Inv Stlth+}
   (You found it on level 2 of the Lair of Beasts)

   [ring of stealth]

   Umbra:     It surrounds you with an aura of shadow, increasing your stealth
   and reducing the accuracy of all others within it.
   +Inv:      It lets you turn invisible.
   Stlth+:    It makes you more stealthy.
 P - a ring of positive energy
 T - a +6 ring of intelligence
Wands
 v - a wand of digging (8)
 A - a wand of paralysis (26)
 C - a wand of roots (30)
 G - a wand of light (12)
 M - a wand of flame (16)
 V - a wand of polymorph (5)
Scrolls
 i - 3 scrolls of enchant weapon
 j - 9 scrolls of identify
 n - a scroll of silence
 q - 3 scrolls of teleportation
 s - 2 scrolls of revelation
 y - a scroll of immolation
 E - a scroll of fear
 L - 5 scrolls of fog
 N - 3 scrolls of vulnerability
 R - 3 scrolls of amnesia
 S - a scroll of enchant armour
 X - a scroll of poison
Potions
 c - 2 potions of attraction
 d - a potion of might
 e - 2 potions of lignification
 f - 6 potions of enlightenment
 h - 5 potions of curing
 l - 5 potions of berserk rage
 m - 3 potions of invisibility
 B - 2 potions of haste
 J - 3 potions of mutation
 W - 2 potions of brilliance {unknown}


   Skills:
 + Level 12.4 Fighting
 - Level 11.8 Maces & Flails
 - Level 16.0 Ranged Weapons
 - Level 10.0 Armour
 + Level 7.1 Dodging
 - Level 2.0 Stealth
 - Level 2.0 Spellcasting
 - Level 5.0 Conjurations
 - Level 1.0 Translocations
 - Level 15.0 Invocations
 - Level 5.0 Evocations


You had 14 spell levels left.
You knew the following spells:

 Your Spells              Type           Power      Damage    Failure   Level
a - Kiss of Death         Conj/Necr      40%        2d8       7%          1
b - Momentum Strike       Conj/Tloc      22%        3d8       9%          2
c - Blink                 Tloc           10%        N/A       19%         2

Your spell library contained the following spells:

 Spells                   Type           Power      Damage    Failure   Level
 Lesser Beckoning         Tloc           10%        N/A       19%         2
 Hailstorm                Conj/Ice       10%        3d5       21%         3
 Poisonous Vapours        Pois/Air       2%         N/A       28%         2
 Scorch                   Fire           2%         2d5       28%         2
 Mephitic Cloud           Conj/Pois/Air  7%         N/A       30%         3
 Gell's Gravitas          Tloc           5%         N/A       36%         3
 Teleport Other           Tloc           5%         N/A       36%         3
 Confusing Touch          Hex            1%         N/A       50%         3
 Frozen Ramparts          Ice            2%         1d1       50%         3
 Brom's Barrelling Bould  Conj/Erth      10%        2d3       56%         4
 Flame Wave               Conj/Fire      10%        2d6       56%         4
 Iskenderun's Battlesphe  Conj           18%        2d7       56%         5
 Dispel Undead            Necr           1%         3d6       88%         4
 Petrify                  Tmut/Erth      1%         N/A       88%         4
 Fireball                 Conj/Fire      5%         3d5       88%         5
 Freezing Cloud           Conj/Ice/Air   3%         6-21      95%         5
 Metabolic Englaciation   Hex/Ice        0%         N/A       99%         5
 Conjure Ball Lightning   Conj/Air       5%         3x3d6     100%        6
 Summon Cactus Giant      Summ           0%         N/A       100%        6
 Orb of Destruction       Conj           9%         9d6       100%        7


Dungeon Overview and Level Annotations

Branches:
Dungeon (15/15)            Temple (1/1) D:5            Lair (5/5) D:9
 Shoals (0/4) Lair:2        Snake (4/4) Lair:3        Slime (0/5) Lair:4
    Orc (2/2) D:12            Elf (0/3) Orc:2        Vaults (0/5) D:14
 Depths (0/4) D:15

Altars:
Ashenzari
Cheibriados
Dithmenos
Fedhas
Gozag
Hepliaklqana
Kikubaaqudgha
Makhleb
Nemelex Xobeh
Okawaru
Qazlal
Ru
Sif Muna
Trog
Uskayaw
Vehumet
Wu Jian
Xom
Yredelemnul
Jiyva

Shops:
D:2 ?   D:4 [   D:7 :   D:9 [   D:11 *   D:14 *   Orc:1 [   Orc:2 [(*:([([
Snake:1 =*[

Portals:
Abyss: Lair:2

Annotations:
D:3 2 transporters, soul19's ghost, amateur OpSh
D:8 Jeremiah
D:10 4 runed translucent doors
D:11 3 runed translucent doors, Skeral's ghost, journeyman MeEE
Lair:2 2 transporters
Lair:3 1 runed translucent door, Runia's ghost, journeyman DjAE
Snake:4 3 runed translucent doors, Bai Suzhen; Sundig's ghost, adept DgFi; Xaneum's ghost, journeyman FeAr; kd29's ghost, adept GrVM; pigah's ghost, adept OpSh; porpoise's ghost, adept DsEn


Innate Abilities, Weirdness & Mutations

You have claws for hands.
You are mostly covered in molten scales. (AC +3)
You are mostly covered in sharp spines.
When hurt, damage is shared between your health and your magic reserves.
You regenerate magic rapidly.


Message History

The splash of poison misses you.
The naga warrior blocks the splash of poison.
The naga warrior roars a battlecry!
The naga ritualist goes into a battle-frenzy!
The naga warrior barely misses you. The nagaraja hits you with a +0 club.
* * * LOW HITPOINT WARNING * * *
The naga mage gestures at the naga ritualist while chanting.
The naga ritualist seems to grow toxic.
The naga ritualist is struck by your spines.
The naga ritualist barely misses you. The naga warrior spits poison at you.
The splash of poison misses you.
The splash of poison hits the naga ritualist but does no damage.
The naga warrior spits poison at you.
The splash of poison hits you but does no damage.
You resist.
You feel much better.
You feel sick.
The naga no longer looks unusually strong.
* * * LOW HITPOINT WARNING * * *
You are more poisoned.
The nagaraja spits poison at you.
The splash of poison hits you but does no damage.
You resist. The naga is struck by your spines. The naga barely misses you.
The naga warrior hits you with a +0 trident!!
* * * LOW HITPOINT WARNING * * *
The naga warrior closely misses you.
The naga warrior hits you with a +1 heavy flail!
* * * LOW HITPOINT WARNING * * *
Okay, then.
You feel better.
The naga warrior no longer looks unusually strong.
You are poisoned.
The nagaraja is struck by your spines. The nagaraja closely misses you.
The guardian serpent casts a spell at you.
The naga warrior roars a battlecry!
The nagas go into a battle-frenzy!
The nagaraja closely misses you.
The naga warrior is struck by your spines.
The naga warrior hits you with a +0 trident!
You die...

.... ....## ...##
.S!..##...# #
SN...#...# #
NNN.##..## #
NNN.#...# #
#NSN#...# #
#NNN#.).# #
##N@N#...# # .
##.NNN#.).# # ..#
##..NS##...# #
....####....##...##
#
...........##....#
#
#.........##....##
# ##.....###.....#
## ########.....##
.# ##.....##


You could see a nagaraja (fast, strong), 7 naga warriors, a salamander mystic
(strong), a salamander (strong), 2 naga ritualists, 4 guardian serpents, a naga
mage (fast, strong) and 5 nagas.

Vanquished Creatures
  10 nagarajas
  2 orc warlords
  Azrael (Snake:1)
  An ettin (Orc:1)
  2 fire dragons (D:15)
  A yaktaur captain (D:14)
  A catoblepas (D:14)
  6 hydras
  A great orb of eyes (D:14)
  An ogre mage (D:12)
  5 anacondas
  3 boulder beetles
  11 centaur warriors
  7 two-headed ogres
  2 tengu warriors
  An orc high priest (Orc:2)
  8 naga warriors
  4 naga sharpshooters
  5 shock serpents
  2 skysharks
  2 skeletal warriors (D:14)
  3 naga ritualists
  A swamp dragon (Lair:5)
  7 mana vipers
  11 ugly things
  A lindwurm (Lair:3)
  5 orc knights
  2 harpies (Lair:2)
  A deep elf pyromancer (D:12)
  A manticore (D:12)
  11 cyclopes
  5 oklob plants
  A faun (shapeshifter) (D:11)
  4 salamanders
  3 orc sorcerers (Orc:2)
  8 elephants
  4 guardian serpents
  20 black mambas
  Maggie (D:9)
  2 gargoyles (D:12)
  20 cane toads
  10 naga magi
  9 komodo dragons
  6 rime drakes
  2 yaktaurs (D:14)
  An unseen horror (D:12)
  A tengu conjurer (D:15)
  2 freezing wraiths
  A queen bee (shapeshifter) (D:14)
  A meliai (D:12)
  11 trolls
  A polar bear (Lair:2)
  2 hornets
  15 blink frogs
  Prince Ribbit (D:9)
  A hornet (shapeshifter) (D:15)
  A culicivora (shapeshifter) (D:14)
  11 slime creatures
  A shadow (D:11)
  4 wyverns
  Sigmund (D:5)
  A centaur simulacrum (D:14)
  A spriggan (shapeshifter) (D:15)
  2 water elementals (D:12)
  A vampire (D:14)
  2 wraiths
  60 yaks
  3 fire elementals (Snake:1)
  4 basilisks
  5 wargs
  2 steam dragons
  4 hell hounds (Snake:1)
  2 acid dragons
  31 nagas
  22 water moccasins
  A swamp drake (Lair:5)
  2 black bears
  28 orc warriors
  3 sky beasts
  2 ice beasts
  3 ogres
  12 wolves
  9 centaurs
  3 kobold brigands
  13 bullfrogs
  A gnoll sergeant (Orc:1)
  2 scorpions
  8 wights
  6 killer bees (D:8)
  9 howler monkeys
  7 electric eels
  6 jellies
  12 orc priests
  Crazy Yiuf (D:7)
  A gnoll bouda (D:7)
  2 hounds
  9 iguanas
  Ijyb (D:5)
  2 sleepcaps
  23 orc wizards
  5 hell rats (Lair:4)
  8 adders
  14 gnolls
  2 white imps
  2 worms (D:3)
  2 dart slugs
  62 orcs
  6 ball pythons
  6 bats
  15 endoplasms
  4 giant cockroaches
  8 goblins
  2 hobgoblins
  9 jackals
  3 quokkas
  3 frilled lizards
  24 kobolds
  2 rats
752 creatures vanquished.

Vanquished Creatures (collateral kills)
  A fire dragon (Lair:5)
  A polar bear (Lair:5)
  A basilisk (Lair:5)
  An acid dragon (Lair:5)
4 creatures vanquished.

Vanquished Creatures (others)
  A black mamba (Snake:3)
1 creature vanquished.

Grand Total: 757 creatures vanquished

Notes
Turn   | Place    | Note
-------+----------+-------------------------------------------
     0 | D:1      | Strat the Demonspawn Reaver began the quest for the Orb.
     0 | D:1      | Reached XP level 1. HP: 16/16 MP: 3/3
   221 | D:1      | Gained mutation: You regenerate magic rapidly. [demonic
                  | ancestry]
   221 | D:1      | Reached XP level 2. HP: 18/22 MP: 5/5
  1143 | D:2      | Reached XP level 3. HP: 16/24 MP: 4/6
  1205 | D:2      | Learned a level 2 spell: Momentum Strike
  1633 | D:2      | Found Oniviem's Magic Scroll Emporium.
  1641 | D:2      | Bought a scroll of teleportation for 30 gold pieces
  1641 | D:2      | Bought a scroll of identify for 20 gold pieces
  2052 | D:3      | Found a transporter.
  2056 | D:3      | Noticed soul19's ghost (amateur OpSh)
  2065 | D:3      | Found a transporter.
  2146 | D:3      | Gained mutation: You are partially covered in sharp spines.
                  | [demonic ancestry]
  2146 | D:3      | Reached XP level 4. HP: 14/33 MP: 7/7
  2953 | D:4      | Reached XP level 5. HP: 38/38 MP: 8/8
  3266 | D:4      | Reached skill level 5 in Maces & Flails
  3381 | D:4      | Found Pumorghyut's Antique Armour Emporium.
  3401 | D:4      | Reached skill level 5 in Conjurations
  3401 | D:4      | Reached XP level 6. HP: 43/44 MP: 9/9
  3628 | D:4      | Reached skill level 1 in Stealth
  3628 | D:4      | Reached skill level 1 in Translocations
  4063 | D:5      | Entered Level 5 of the Dungeon
  4120 | D:5      | Noticed Sigmund
  4214 | D:5      | Killed Sigmund
  4215 | D:5      | Reached XP level 7. HP: 42/50 MP: 6/10
  4353 | D:5      | Found a staircase to the Ecumenical Temple.
  4365 | Temple   | Entered the Ecumenical Temple
  4460 | Temple   | Became a worshipper of Makhleb the Destroyer
  5060 | D:5      | Noticed Ijyb
  5075 | D:5      | Paralysed by Ijyb for 5 turns
  5082 | D:5      | Killed Ijyb
  5631 | D:6      | Gained mutation: You have sharp fingernails. [demonic
                  | ancestry]
  5631 | D:6      | Reached XP level 8. HP: 41/56 MP: 8/11
  5755 | D:6      | Found a sparkling altar of Nemelex Xobeh.
  6520 | D:7      | Found a snail-covered altar of Cheibriados.
  6522 | D:7      | Found an ornate altar of the Wu Jian Council.
  6527 | D:7      | Reached skill level 1 in Evocations
  6527 | D:7      | Found a sacrificial altar of Ru.
  6527 | D:7      | Found an iron altar of Okawaru.
  6527 | D:7      | Found a shimmering altar of Xom.
  6528 | D:7      | You fall into a shaft and drop 1 floor!
  6587 | D:7      | Reached * piety under Makhleb
  6865 | D:7      | Identified the +0 robe of the Evening {*Corrode rN+ Str+3
                  | Dex+2}
  6920 | D:7      | Gained mutation: You are partially covered in molten
                  | scales. (AC +2) [demonic ancestry]
  6920 | D:7      | Reached XP level 9. HP: 49/65 MP: 9/12
  7172 | D:7      | Found Xuruhiq's Book Shop.
  7413 | D:7      | Found a runed translucent door.
  7414 | D:7      | Noticed Crazy Yiuf
  7683 | D:7      | Killed Crazy Yiuf
  7764 | D:8      | Noticed Jeremiah
  7979 | D:8      | Reached skill level 5 in Fighting
  8092 | D:8      | Reached skill level 10 in Maces & Flails
  8421 | D:8      | Reached skill level 5 in Evocations
  8705 | D:8      | Reached skill level 1 in Invocations
  8954 | D:9      | Reached skill level 1 in Armour
  8954 | D:9      | Reached XP level 10. HP: 71/76 MP: 13/13
  9145 | D:9      | Noticed Prince Ribbit
  9181 | D:9      | Reached ** piety under Makhleb
  9186 | D:9      | Killed Prince Ribbit
  9403 | D:9      | Noticed Maggie
  9431 | D:9      | Killed Maggie
  9555 | D:9      | Found a staircase to the Lair.
  9607 | D:9      | Reached skill level 5 in Invocations
  9623 | D:9      | Noticed an elephant
  9675 | D:9      | Killed an elephant
  9892 | D:9      | Found a broken altar of Ashenzari.
  9987 | D:9      | Gained mutation: You are mostly covered in sharp spines.
                  | [demonic ancestry]
  9987 | D:9      | Reached XP level 11. HP: 70/81 MP: 16/16
 10074 | D:9      | Found Okutec's Armour Shop.
 10245 | D:10     | Entered Level 10 of the Dungeon
 10248 | D:10     | Identified the +9 orcbow of Exoneration {elec, rElec}
 10349 | D:10     | Found an ornate altar of the Wu Jian Council.
 10402 | D:10     | Found a shadowy altar of Dithmenos.
 10435 | D:10     | Noticed a two-headed ogre
 10443 | D:10     | Killed a two-headed ogre
 10578 | D:10     | Found a runed translucent door.
 10581 | D:10     | Noticed a storm dragon
 10582 | D:10     | Noticed a sixfirhy
 10582 | D:10     | Noticed a sixfirhy
 10596 | D:10     | Found a runed translucent door.
 10616 | D:10     | Noticed a spriggan air mage
 10617 | D:10     | Noticed a spark wasp
 10641 | D:10     | Found a runed translucent door.
 10648 | D:10     | Noticed a deep elf zephyrmancer
 10648 | D:10     | Noticed a spriggan air mage
 10648 | D:10     | Found the +5 Storm Queen's Shield {shock, Fly rElec}
 10649 | D:10     | Found a runed translucent door.
 10763 | D:10     | Noticed a deep elf zephyrmancer
 11046 | D:11     | Identified the of Hellamin
 11046 | D:11     | Found Xaumorhocw's Mayhem Merchandise.
 11181 | D:11     | Noticed a boulder beetle
 11217 | D:11     | Reached skill level 1 in Ranged Weapons
 11423 | D:11     | Reached *** piety under Makhleb
 11441 | D:11     | Found a runed translucent gate.
 11441 | D:11     | Found a runed translucent gate.
 11441 | D:11     | Found a runed translucent gate.
 11444 | D:11     | Found a viscous altar of Jiyva.
 11444 | D:11     | Noticed Skeral's ghost (journeyman MeEE)
 11479 | D:11     | Killed a boulder beetle
 11480 | D:11     | Reached skill level 2 in Ranged Weapons
 12178 | D:12     | Noticed a two-headed ogre
 12180 | D:12     | Noticed a green ugly thing
 12181 | D:12     | a hornet changed into an entropy weaver
 12181 | D:12     | Noticed an entropy weaver (shapeshifter)
 12181 | D:12     | Noticed a brown ugly thing
 12183 | D:12     | an entropy weaver changed into a faun
 12192 | D:11     | Reached skill level 3 in Ranged Weapons
 12381 | D:12     | Noticed a cyan ugly thing
 12395 | D:12     | Killed a cyan ugly thing
 12555 | D:12     | Reached skill level 10 in Invocations
 12577 | D:12     | Killed a two-headed ogre
 12578 | D:12     | Reached skill level 4 in Ranged Weapons
 12591 | D:12     | Found a staircase to the Orcish Mines.
 12615 | D:12     | Noticed a two-headed ogre
 12622 | D:12     | Killed a two-headed ogre
 12856 | D:12     | Reached skill level 5 in Ranged Weapons
 13133 | D:12     | Gained mutation: You are mostly covered in molten scales.
                  | (AC +3) [demonic ancestry]
 13133 | D:12     | Reached XP level 12. HP: 86/89 MP: 20/20
 13205 | D:12     | Noticed an ogre mage
 13205 | D:12     | Noticed a four-headed hydra
 13256 | D:12     | Paralysed by something for 4 turns
 13484 | Lair:1   | Entered Level 1 of the Lair of Beasts
 13489 | Lair:1   | Reached skill level 6 in Ranged Weapons
 13584 | Lair:1   | Reached skill level 7 in Ranged Weapons
 13686 | Lair:1   | Reached **** piety under Makhleb
 13714 | Lair:1   | Reached skill level 8 in Ranged Weapons
 14165 | Lair:1   | Reached skill level 9 in Ranged Weapons
 14219 | Lair:1   | Identified the +1 chain mail "Zehal" {+Blink rC+ rN+}
 14443 | Lair:2   | Identified the "Kosamomm"
 14514 | Lair:2   | Found a transporter.
 14535 | Lair:2   | Found a staircase to the Shoals.
 14754 | Lair:2   | Noticed a hell hog
 14765 | Lair:2   | Noticed a hell hog
 14769 | Lair:2   | Found a transporter.
 14806 | Lair:2   | Reached skill level 10 in Ranged Weapons
 14992 | Lair:2   | Identified the +0 ring mail of the Giraffatuar {rElec Str+3
                  | Dex-2}
 15230 | Lair:2   | Found a one-way gate to the infinite horrors of the Abyss.
 15607 | Lair:2   | Reached skill level 11 in Ranged Weapons
 15624 | Lair:2   | Found the ring of Shadows {Umbra +Inv Stlth+}
 15672 | Lair:2   | Gained mutation: When hurt, damage is shared between your
                  | health and your magic reserves. [demonic ancestry]
 15672 | Lair:2   | Reached XP level 13. HP: 95/95 MP: 21/21
 16489 | Lair:3   | Reached ***** piety under Makhleb
 16492 | Lair:3   | Reached skill level 12 in Ranged Weapons
 16795 | Lair:3   | Found a runed translucent door.
 16795 | Lair:3   | Noticed Runia's ghost (journeyman DjAE)
 16800 | Lair:3   | Identified the +1 dagger "Habud" {speed, Int+4}
 16832 | Lair:3   | Found a staircase to the Snake Pit.
 17438 | Lair:4   | Reached skill level 13 in Ranged Weapons
 17853 | Lair:4   | Found a staircase to the Slime Pits.
 18229 | Lair:5   | Entered Level 5 of the Lair of Beasts
 18659 | Lair:5   | Reached skill level 14 in Ranged Weapons
 18950 | Lair:5   | Reached XP level 14. HP: 82/101 MP: 18/22
 19165 | Lair:5   | Reached skill level 15 in Ranged Weapons
 19241 | Lair:5   | Identified the +10 dagger of Capital Punishment {flame,
                  | rElec rC+ Str+3 Dex-4}
 19645 | Lair:5   | Learned a level 2 spell: Blink
 20525 | D:12     | Reached ****** piety under Makhleb
 20530 | D:12     | Reached skill level 16 in Ranged Weapons
 20604 | Orc:1    | Entered Level 1 of the Orcish Mines
 20714 | Orc:2    | Entered Level 2 of the Orcish Mines
 20714 | Orc:2    | Found a staircase to the Elven Halls.
 20786 | Orc:2    | Found Patilis's Antique Weapon Boutique.
 20794 | Orc:2    | Found Ubetoun's Antique Weapon Shop.
 20818 | Orc:2    | Found Qesaefesch's Armour Shoppe.
 20859 | Orc:2    | Noticed an orc warlord
 21047 | Orc:2    | Found Ycimohaz's Armour Emporium.
 21506 | Orc:2    | Paralysed by an orc sorcerer for 2 turns
 21552 | Orc:2    | Found Yvuhur's General Store.
 21567 | Orc:2    | Killed an orc warlord
 21568 | Orc:2    | Reached skill level 5 in Armour
 21643 | Orc:2    | Found Dot Doac's Antique Armour Boutique.
 21675 | Orc:2    | Found Pegasaf's Antique Weapon Boutique.
 21690 | Orc:2    | Found Dufiobuc's Book Boutique.
 22131 | Orc:1    | Noticed an orc warlord
 22311 | Orc:1    | Killed an orc warlord
 22541 | Orc:1    | Found Cejoh's Antique Armour Shoppe.
 24011 | D:14     | Gained mutation: You have very sharp fingernails. [demonic
                  | ancestry]
 24011 | D:14     | Reached XP level 15. HP: 96/112 MP: 20/25
 24296 | D:14     | Found a gate to the Vaults.
 25083 | D:14     | Found a transporter.
 25085 | D:14     | Found Nisalaic's General Store.
 25229 | D:14     | Identified the staff "Wishum" {rF+ rN+ Dex+3 Necro}
 25344 | D:14     | Found a transporter.
 25668 | D:15     | Entered Level 15 of the Dungeon
 26115 | D:15     | Reached skill level 10 in Fighting
 26411 | D:15     | Reached skill level 15 in Invocations
 26496 | D:15     | Found a staircase to the Depths.
 26796 | Snake:1  | Entered Level 1 of the Snake Pit
 26830 | Snake:1  | Noticed Azrael
 26844 | Snake:1  | Killed Azrael
 26937 | Snake:1  | Found a flickering gateway to a bazaar.
 26947 | Bazaar   | Entered a bazaar
 26948 | Bazaar   | Found Xewkioca's Distillery.
 26948 | Bazaar   | Found Lubu's Book Emporium.
 26949 | Bazaar   | Found Ucijiod's Antique Weapon Boutique.
 26977 | Bazaar   | Bought a potion of heal wounds for 90 gold pieces
 26977 | Bazaar   | Bought a potion of curing for 54 gold pieces
 26977 | Bazaar   | Bought a potion of curing for 54 gold pieces
 26977 | Bazaar   | Bought a potion of haste for 180 gold pieces
 26980 | Bazaar   | Found Retakk's Armour Shop.
 27101 | Snake:1  | Found Celarae's Jewellery Boutique.
 27104 | Snake:1  | Found Taqiorask's General Store.
 27106 | Snake:1  | Found Jeecuv's Armour Boutique.
 28658 | Snake:3  | Reached skill level 10 in Armour
 28740 | Snake:3  | Noticed a nagaraja
 28753 | Snake:3  | Noticed a nagaraja
 28759 | Snake:3  | Gained mutation: You have claws for hands. [demonic
                  | ancestry]
 28759 | Snake:3  | Reached XP level 16. HP: 122/123 MP: 27/27
 29497 | Snake:3  | Reached skill level 5 in Dodging
 30302 | Snake:4  | Entered Level 4 of the Snake Pit
 30843 | Snake:4  | Found a runed translucent gate.
 30843 | Snake:4  | Found a runed translucent gate.
 30843 | Snake:4  | Found a runed translucent gate.
 30844 | Snake:4  | Noticed Xaneum's ghost (journeyman FeAr)
 30844 | Snake:4  | Noticed kd29's ghost (adept GrVM)
 30844 | Snake:4  | Noticed Sundig's ghost (adept DgFi)
 30844 | Snake:4  | Noticed porpoise's ghost (adept DsEn)
 30844 | Snake:4  | Noticed pigah's ghost (adept OpSh)
 30862 | Snake:4  | Noticed Bai Suzhen
 30955 | Snake:4  | HP: 4/129 [naga warrior/+1 heavy flail (13)]
 30956 | Snake:4  | Slain by a naga warrior

Illustrated notes

Levels and vault maps discovered:
D:1:      dpeg_arrival_windows_large_door, layout_loops_corners,
          minmay_misc_feat_pillars, moated_statue
D:2:      layout_basic, serial_shops, shop, lightli_corner_chamber
D:3:      layout_loops_ring, gammafunk_ghost_stat_death,
          nicolae_kite_square_tiling_tiny, grunt_ministairs_4, chequers_garden,
          minmay_circle_x
D:4:      layout_loops_ring, serial_shops, nicolae_shop_tiny_glass,
          corner_web_ring, nicolae_titane
D:5:      layout_layer_cave, minmay_temple_entry_crystal_x, uniq_sigmund,
          uniq_ijyb
D:6:      layout_layer_cave, mainiacjoe_overflow_small_starburst,
          due_unseen_surprise
D:7:      layout_loops_ring, doesnt_xom_only_xom, serial_shops, shop,
          uniq_crazy_yiuf_cottage
D:8:      layout_basic, uniq_jeremiah
D:9:      layout_basic, cheibrodos_ashenzari_chains, david_lair_generic,
          serial_shops, shop, uniq_maggie, uniq_prince_ribbit1
D:10:     layout_roguey, mainiacjoe_overflow_large_starburst,
          nicolae_guarded_unrand_storm_shield
D:11:     layout_roguey, gammafunk_ghost_ooze, dreamdust_princess_corridor,
          dk_vineyard_1, minmay_shop_mayhem, due_unseen_surprise
D:12:     layout_gridville, david_orc_3, serial_bayou, serial_bayou_shore_b,
          serial_bayou_pond_d, serial_bayou_lake_a, serial_bayou_shore_b,
          st_stairs_3, minmay_the_grid_2x2 [minmay_the_grid_stretched_grid,
          minmay_the_grid_embedded, minmay_the_grid_rooms,
          minmay_the_grid_prize_big_room]
D:13:     layout_rooms, serial_bayou_ford_a, grunt_ministairs_14
D:14:     cheibrodos_ideogram_h, layout_gridville, david_vaults_2, serial_shops,
          nicolae_shop_drivethru, serial_bayou_pond_e
D:15:     grunt_enter_depths_hoard, layout_loops_ring, minmay_misc_feat_doors
Temple:   minmay_temple_bridge_d
Lair:1:   layout_loops_ring, guppyfry_lair_drakes, serial_bayou_shore_b,
          grunt_megastairs_4, lemuel_fruit_fields
Lair:2:   minmay_lair_oklob_tunnel, layout_layer_cave,
          nicolae_shoals_entry_roost, gammafunk_ghost_abyssal_escape,
          st_stairs_5
Lair:3:   layout_cave_pods, dummy_snake_entry, ebering_ghost_reflecting_pool,
          serial_bayou_shore_b
Lair:4:   layout_roguey, nicolae_slime_entry_slimehenge
Lair:5:   guppyfry_lair_end_dragon, layout_loops_ring, grunt_megastairs_3
Snake:1:  layout_onion, serial_shops, bzr_firewalk, minmay_shop_star,
          uniq_azrael
Snake:2:  layout_grid_shapes, hangedman_snake_pattern,
          nicolae_elevator_lobby_asterisk
Snake:3:  layout_chambers, nrook_guardian_serpent_double
Snake:4:  grunt_snake_rune_spirals, layout_onion_interference,
          gammafunk_ghost_cemetery, uniq_bai_suzhen, uniq_aizul
Orc:1:    layout_caves, serial_shops, nicolae_shop_rolling_square, mines2_david
Orc:2:    grunt_orc_cross, layout_caves, serial_shops,
          nicolae_shop_tiny_statue_garden, shop, nicolae_shop_statue_plus, shop,
          nicolae_orc_rockfall

Skill      XL: |  1  2  3  4  5  6  7  8  9 10 11 12 13 14 15 16 |
---------------+-------------------------------------------------+-----
Maces & Flails | 3 4 5 7 9 10 11 | 11.8
Conjurations   | 5 |  5.0
Stealth        | 2 |  2.0
Translocations | 1 |  1.0
Evocations     | 2 5 |  5.0
Fighting       | 3 6 8 10 12 | 12.4
Invocations    | 1 7 11 13 15 | 15.0
Armour         | 1 4 6 10 | 10.0
Ranged Weapons | 5 11 14 16 | 16.0
Dodging        | 3 7 |  7.1
Spellcasting   | |  2.0

Action                     |  1- 3 |  4- 6 |  7- 9 | 10-12 | 13-15 | 16-18 || total
---------------------------+-------+-------+-------+-------+-------+-------++-------
  Melee: Mace              |   140 |    43 |       |       |       |       ||   183
         Punch             |     1 |     1 |     5 |     4 |       |       ||    11
         Flail             |       |    42 |   293 |   226 |       |       ||   561
         Unarmed           |       |       |       |       |     1 |       ||     1
   Fire: Orcbow            |       |       |       |   455 |  1629 |   390 ||  2474
   Cast: Kiss of Death     |     1 |     1 |       |     4 |       |       ||     6
         Momentum Strike   |       |     4 |    14 |     9 |       |       ||    27
 Invoke: Greater Servant o |       |       |       |       |     1 |     2 ||     3
  Evoke: Wand              |       |       |     1 |     1 |       |     1 ||     3
    Use: Scroll            |     1 |       |    16 |     7 |    10 |     5 ||    39
         Potion            |       |     2 |     1 |     1 |     2 |     9 ||    15
   Stab: Sleeping          |     1 |     1 |     3 |       |       |       ||     5
         Paralysed         |       |       |     5 |     8 |       |       ||    13
 Armour: Leather armour    |    93 |    33 |   144 |    41 |       |       ||   311
         Steam dragon scal |       |       |       |   206 |   367 |   125 ||   698
  Dodge: Dodged            |    87 |    58 |   220 |   330 |   400 |   126 ||  1221

Table legend: (Time is in decaauts)
 A = Elapsed time spent in this place.
 B = Non-inter-level travel time spent in this place.
 C = Inter-level travel time spent in this place.
 D = Time resting spent in this place.
 E = Time spent auto-exploring this place.
 F = Levels seen in this place.
 G = Mean time per level.
                   A        B        C        D        E       F      G
               +--------+--------+--------+--------+--------+-----+--------+
         Total |  30587 |  28699 |   1888 |   5094 |  17151 |  28 | 1092.4 |
       Dungeon |  18042 |  16962 |   1080 |   3711 |   9399 |  15 | 1202.8 |
        Temple |    168 |     30 |    138 |      0 |      0 |   1 |  168.0 |
          Lair |   6329 |   5890 |    439 |    759 |   4023 |   5 | 1265.8 |
     Snake Pit |   3917 |   3811 |    106 |    203 |   2630 |   4 |  979.2 |
  Orcish Mines |   2070 |   1946 |    124 |    421 |   1062 |   2 | 1035.0 |
        Bazaar |     58 |     58 |      0 |      0 |     37 |   1 |   58.0 |
               +--------+--------+--------+--------+--------+-----+--------+

Top non-repeatable levels by time:
    D:12: 1949 daAuts
    D:14: 1902 daAuts
  Lair:2: 1900 daAuts
     D:5: 1687 daAuts
    D:11: 1485 daAuts
   Orc:2: 1459 daAuts
 Snake:3: 1360 daAuts
     D:9: 1318 daAuts
     D:7: 1244 daAuts
     D:8: 1155 daAuts
  Lair:3: 1141 daAuts
  Lair:5: 1137 daAuts
  Lair:4: 1115 daAuts
     D:4: 1100 daAuts
     D:1: 1064 daAuts
